Map: Galactic Process LE

Players

Andvar - Winner!

  • Race: Terran Terran
  • League: Platinum
  • Spawn Location: 7:00

Amix

  • Race: Zerg Zerg
  • League: Platinum
  • Spawn Location: 1:00

VOD

Have the link to the VOD?

Description

Time

  • Played on: Nov. 13, 2016, 7:31 a.m.
  • Length: 9:36
Show
View Real Time Build Order
Export as new Build Order

Andvar Terran - Winner!

Build Orders:  

Get SALT Encoding   

  12  0:01  SCV  
  13  0:13  SCV  
  14  0:19  Supply Depot  
  14  0:25  SCV  
  15  0:30  Refinery  
  15  0:40  SCV  
  16  0:47  Barracks  
  16  0:54  SCV  
  17  1:06  SCV  
  18  1:18  SCV  
  19  1:33  Orbital Command  
  19  1:48  Command Center  
  19  1:52  Barracks Reactor  
  19  2:07  SCV  
  20  2:11  Factory  
  20  2:19  SCV  
  21  2:25  Supply Depot  
  21  2:31  Refinery, Marine  
  21  2:32  SCV  
  23  2:47  Marine, SCV  
  23  2:50  Marine  
  26  2:59  Starport  
  26  3:01  Factory Reactor  
  26  3:11  SCV  
  26  3:12  Orbital Command  
  27  3:16  Marine x2  
  29  3:25  SCV  
  30  3:36  Barracks  
  30  3:40  Engineering Bay, Medivac  
  32  3:41  Widow Mine  
  32  3:42  Engineering Bay  
  32  3:46  Widow Mine  
  36  3:53  Marine x2  
  36  3:55  SCV  
  39  4:02  Bunker  
  39  4:03  SCV  
  39  4:07  SCV  
  41  4:15  Supply Depot  
  41  4:23  Marine  
  42  4:24  Barracks Tech Lab  
  42  4:25  SCV x2  
  44  4:35  Marine, Terran Infantry Weapons Level 1  
  44  4:37  Terran Infantry Armor Level 1  
  44  4:38  SCV x2, Factory Tech Lab  
  46  4:41  Marine  
  46  4:42  Barracks  
  48  4:50  Marine  
  49  4:53  Marine  
  50  5:10  Marine x2  
  50  5:11  SCV x2  
  50  5:12  Medivac  
  50  5:19  Siege Tank  
  53  5:21  Refinery x2  
  53  5:23  SCV  
  54  5:33  Barracks Tech Lab  
  54  5:56  Supply Depot  
  54  5:58  Supply Depot  
  54  6:14  Marauder, Medivac  
  54  6:17  Marine x2, SCV x2, Medivac  
  60  6:20  Command Center  
  60  6:26  Supply Depot x2  
  60  6:27  Barracks  
  60  6:28  Barracks  
  60  6:29  SCV x2  
  60  6:30  Supply Depot  
  62  6:34  Marine  
  62  6:35  Marine  
  62  6:37  Armory  
  64  6:41  SCV x2, Stimpack  
  66  6:48  Marine x2  
  66  6:52  Marine  
  66  6:54  SCV x2  
  69  6:57  Marine  
  62  7:06  Marine, SCV  
  64  7:09  SCV  
  64  7:12  Medivac x2  
  69  7:25  Marine x2  
  69  7:26  Marauder x2  
  75  7:37  Barracks Tech Lab  
  75  7:41  SCV x2  
  75  7:42  Marine  
  75  7:43  Marine  
  79  7:47  Marauder x2  
  79  7:48  Barracks Tech Lab  
  83  8:00  Marine x2  
  83  8:01  SCV x2  
  83  8:02  Planetary Fortress  
  87  8:09  Marauder x2  
  91  8:14  SCV x2  
  91  8:16  Marine  
  94  8:23  Marine x3  
  94  8:26  SCV x2  
  99  8:27  Missile Turret  
  99  8:29  Missile Turret  
  99  8:38  SCV x2  
  101  8:49  Marine  
  101  8:50  Marine x2, SCV  
  101  8:51  Marauder x2  
  109  9:20  SCV  
  109  9:22  SCV  
Show
View Real Time Build Order
Export as new Build Order

Amix Zerg 

Build Orders: Hatch First 

Get SALT Encoding   

  12  0:01  Drone  
  13  0:12  Overlord  
  13  0:17  Drone  
  14  0:43  Hatchery  
  13  0:50  Drone x2  
  13  0:54  Extractor  
  14  1:12  Spawning Pool  
  14  1:18  Drone  
  14  1:20  Drone  
  14  1:25  Drone  
  16  1:30  Drone  
  17  1:46  Drone  
  18  1:52  Drone  
  19  1:55  Drone  
  19  2:00  Queen  
  22  2:05  Metabolic Boost  
  22  2:10  Drone  
  23  2:16  Drone x2  
  25  2:28  Queen  
  27  2:34  Overlord  
  27  2:40  Drone  
  27  2:43  Overlord  
  28  2:52  Queen  
  28  2:57  Drone  
  28  2:58  Drone  
  32  3:05  Drone x2  
  34  3:06  Drone  
  35  3:19  Overlord  
  35  3:30  Zergling x2  
  36  3:37  Queen x2  
  40  3:43  Drone x4  
  40  3:45  Overlord  
  40  3:46  Overlord  
  44  3:49  Extractor  
  44  3:51  Drone, Extractor  
  44  3:52  Drone  
  44  4:09  Drone x2  
  48  4:10  Drone x5  
  48  4:13  Queen  
  53  4:27  Zergling x2  
  53  4:28  Zergling x8  
  58  4:33  Lair  
  58  4:43  Spore Crawler  
  57  4:51  Spore Crawler  
  56  4:55  Zergling x2  
  56  4:56  Zergling x6  
  56  4:59  Overlord x2  
  60  5:05  Hatchery  
  52  5:26  Zergling x2  
  52  5:27  Zergling x16  
  52  5:28  Zergling x6  
  58  5:41  Spore Crawler  
  57  5:46  Zergling x4  
  59  5:55  Drone x6  
  62  6:13  Drone x3  
  65  6:21  Drone x6  
  71  6:31  Spore Crawler  
  70  6:43  Zergling x8  
  70  6:44  Zergling x2  
  70  6:46  Pneumatized Carapace  
  75  6:48  Drone x2  
  75  7:24  Spore Crawler  
  75  7:26  Overseer  
  75  7:28  Drone x8  
  82  7:38  Extractor  
  82  7:39  Extractor  
  80  7:51  Spore Crawler  
  79  8:16  Baneling Nest  
  78  8:20  Extractor  
  64  8:58  Zergling x4  
  64  8:59  Zergling x20  
  64  9:00  Overlord x3  
Tags
 
Add a new tag
Caveats
  • Supply blocks, unpowered buildings, or Contaminate may cause inaccurate times.
  • Supply counts are checked every 10 seconds.